 Dungeon Crawl Stone Soup version 0.22-a0-40-g3d2f077 (webtiles) character file.

61 tidbits the Grave Robber (level 4, 0/32 HPs)
             Began as a Gnoll Necromancer on Jan 4, 2018.
             Slain by a goblin
             ... wielding a +0 club
             ... led by Robin
              (6 damage)
             ... on level 3 of the Dungeon.
             The game lasted 00:06:07 (662 turns).

tidbits the Grave Robber (Gnoll Necromancer)         Turns: 662, Time: 00:06:07

Health: 0/32       AC:  3    Str: 12    XL:     4   Next: 7%
Magic:  2/11       EV: 15    Int: 19    God:
Gold:   65         SH:  0    Dex: 15    Spells: 5/13 levels left

rFire    . . .     SeeInvis .   g - +0 mace
rCold    + . .     Gourm    .   (no shield)
rNeg     . . .     Faith    .   a - +0 robe
rPois    .         Spirit   .   (no helmet)
rElec    .         Reflect  .   (no cloak)
rCorr    .         Harm     .   (no gloves)
MR       .....                  F - +0 pair of boots
Stlth    +++.......             (no amulet)
HPRegen  0.10/turn              f - ring of protection from cold
MPRegen  0.12/turn              m - ring of flight

@: no status effects
A: distributed training, fangs 1, talons 1, strong 1, strong nose
a: Evoke Flight


You were on level 3 of the Dungeon.
You were not hungry.

You visited 1 branch of the dungeon, and saw 3 of its levels.

You collected 65 gold pieces.

Inventory:

Hand Weapons
 d - a +0 whip
 g - a +0 mace (weapon)
 o - a cursed -2 dagger
Missiles
 e - 14 tomahawks (quivered)
 h - 23 bolts
 j - 11 arrows
Armour
 a - a +0 robe (worn)
 F - a +0 pair of boots (worn)
Jewellery
 f - a ring of protection from cold (left hand)
   (You found it on level 1 of the Dungeon)
 l - an uncursed ring of ice
   (You found it on level 2 of the Dungeon)
 m - a ring of flight (right hand)
   (You found it on level 2 of the Dungeon)
Scrolls
 i - 2 scrolls of identify
 k - a scroll of amnesia
 n - a scroll of blinking {unknown}
Books
 b - a book of Necromancy

   Spells                             Type                      Level
   a - Pain                           Necromancy                   1
   b - Animate Skeleton               Necromancy                   1
   c - Vampiric Draining              Necromancy                   3
   d - Regeneration                   Charms/Necromancy            3
   e - Animate Dead                   Necromancy                   4
   f - Borgnjor's Vile Clutch         Necromancy/Earth             5
Comestibles
 c - 3 rations


   Skills:
 + Level 1.0 Fighting
 + Level 1.0 Short Blades
 + Level 1.0 Long Blades
 + Level 1.0 Axes
 + Level 1.0 Maces & Flails
 + Level 1.0 Polearms
 + Level 1.0 Staves
 + Level 1.0 Slings
 + Level 1.0 Bows
 + Level 1.0 Crossbows
 + Level 1.0 Throwing
 + Level 1.0 Armour
 + Level 4.6 Dodging
 + Level 4.2 Stealth
 + Level 1.0 Shields
 + Level 1.0 Unarmed Combat
 + Level 5.0 Spellcasting
 + Level 0.7 Conjurations
 + Level 0.7 Hexes
 + Level 0.7 Charms
 + Level 0.7 Summonings
 + Level 7.1 Necromancy
 + Level 0.7 Translocations
 + Level 0.7 Transmutations
 + Level 0.7 Fire Magic
 + Level 0.7 Ice Magic
 + Level 0.7 Air Magic
 + Level 0.7 Earth Magic
 + Level 0.7 Poison Magic
 + Level 1.1 Invocations
 + Level 1.0 Evocations


You had 5 spell levels left.
You knew the following spells:

 Your Spells              Type           Power        Failure   Level  Hunger
a - Pain                  Necr           ####         1%          1    None
d - Vampiric Draining     Necr           ####......   1%          3    ##.....
n - Animate Skeleton      Necr           N/A          1%          1    None
r - Regeneration          Chrm/Necr      ###.......   8%          3    ##.....


Dungeon Overview and Level Annotations

Branches:
Dungeon (3/15)

Altars:

Annotations:
D:2 Natasha
D:3 Robin


Innate Abilities, Weirdness & Mutations

Your experience applies equally to all skills.
You have very sharp teeth.
Your uncanny sense of smell can sniff out nearby items.
You have sharp toenails.
Your muscles are strong. (Str +2)


Message History

The hobgoblin shouts!
You sock the goblin!
You kill the goblin!
Casting: Pain
Confirm with . or Enter, or press ? or * to list all spells.
Aiming: Pain
Press: ? - help, Shift-Dir - straight line, f/p - Terence
Aim: Terence, wielding a mace and wearing a shiny scale mail (almost dead, chance to defeat MR: 89%) Terence writhes in agony!
Terence hits you but does no damage.
A bat comes into view.
The bat hits you but does no damage. The bat hits you.
* * * LOW HITPOINT WARNING * * *
Casting: Pain
Confirm with . or Enter, or press ? or * to list all spells.
Aiming: Pain
Press: ? - help, Shift-Dir - straight line, f/p - Terence
Aim: Terence, wielding a mace and wearing a shiny scale mail (almost dead, chance to defeat MR: 89%) Terence writhes in agony!
You kill Terence!
Your Fighting skill increases to level 1!
Your Short Blades skill increases to level 1!
Your Long Blades skill increases to level 1!
Your Axes skill increases to level 1!
Your Maces & Flails skill increases to level 1!
Your Polearms skill increases to level 1!
Your Staves skill increases to level 1!
Your Slings skill increases to level 1!
Your Bows skill increases to level 1!
Your Crossbows skill increases to level 1!
Your Throwing skill increases to level 1!
Your Armour skill increases to level 1!
Your Shields skill increases to level 1!
Your Unarmed Combat skill increases to level 1!
Your Invocations skill increases to level 1!
Your Evocations skill increases to level 1!
You have reached level 4!
You feel clever. The bat barely misses you.
The goblin no longer looks unusually strong.
The bat closely misses you.
Casting: Pain
Confirm with . or Enter, or press ? or * to list all spells.
Aiming: Pain
Press: ? - help, Shift-Dir - straight line, f - bat
Aim: a bat (chance to defeat MR: 93%)
The bat writhes in agony!
You kill the bat!
Robin roars a battlecry!
The goblin goes into a battle-frenzy!
A goblin comes into view. It is wielding a club.
You aren't carrying any potions.
Unknown command.
Found 17 sling bullets and a hand axe.
You see here 17 sling bullets.
The goblin no longer looks unusually strong.
Casting: Pain
Confirm with . or Enter, or press ? or * to list all spells.
Aiming: Pain
Press: ? - help, Shift-Dir - straight line, f - goblin
Aim: a goblin, wielding an enchanted dagger (chance to defeat MR: 93%)
The goblin writhes in agony!
Robin roars a battlecry!
The goblins go into a battle-frenzy!
You see here a hand axe.
The goblin hits you with an enchanted dagger.
* * * LOW HITPOINT WARNING * * *
Casting: Pain
Confirm with . or Enter, or press ? or * to list all spells.
Aiming: Pain
Press: ? - help, Shift-Dir - straight line, f/p - goblin
Aim: a goblin, wielding an enchanted dagger (heavily wounded, unusually strong, chance to defeat MR: 93%)
The goblin barely resists.
The goblin misses you.
Robin says, "Feeling lonely?"
You aren't carrying any potions.
Unknown command.
The hobgoblin no longer looks unusually strong.
Robin roars a battlecry!
The hobgoblin goes into a battle-frenzy!
You hear a shout!
The goblin no longer looks unusually strong. x2
A hobgoblin comes into view.
Robin roars a battlecry!
The goblins go into a battle-frenzy!
The hobgoblin shouts!
The hobgoblin throws a stone.
The stone barely misses you.
You see here a stone.
The hobgoblin throws a stone.
The stone closely misses you.
The hobgoblin throws a stone.
The stone hits you but does no damage.
You see here a stone.
Casting: Pain
Confirm with . or Enter, or press ? or * to list all spells.
Aiming: Pain
Press: ? - help, Shift-Dir - straight line, f/p - goblin
Aim: a goblin, wielding an enchanted dagger (heavily wounded, unusually strong, chance to defeat MR: 93%)
The goblin writhes in agony!
You kill the goblin!
You see here an enchanted dagger.
o - an enchanted dagger The goblin hits you with a club.
You die...

.....#.# ♣ ...>.).# .♣
####.#.###.# ##.##....
#...##.# #.#....#
#...##.#########
####...#.........#
.....#.#.#######@#
######.#.# #g# #.#.# #g#
#.#[# ##.## #.#.###
##g.g##
#.....###....(#####
#.#.#..)..........#
######.#....##.....###.#
ggg.)g.###..###...## #.#


You could see Robin, a hobgoblin and 2 goblins.

Vanquished Creatures
  Terence (D:3)
  3 leopard geckos
  A ball python (D:2)
  A giant cockroach (D:2)
  3 goblins
  2 hobgoblins
  7 jackals (D:1)
  5 bats
  2 frilled lizards (D:2)
  A rat (D:2)
26 creatures vanquished.

Vanquished Creatures (collateral kills)
  An ooze (D:1)
1 creature vanquished.

Grand Total: 27 creatures vanquished

Notes
Turn   | Place    | Note
-------+----------+-------------------------------------------
     0 | D:1      | tidbits the Gnoll Necromancer began the quest for the Orb.
     0 | D:1      | Reached XP level 1. HP: 13/13 MP: 6/6
   131 | D:1      | Reached XP level 2. HP: 10/19 MP: 4/7
   134 | D:1      | Learned a level 1 spell: Animate Skeleton
   183 | D:1      | Gained mutation: You have sharp toenails. [potion of mutation]
   183 | D:1      | Gained mutation: Your muscles are strong. (Str +2) [potion of mutation]
   297 | D:2      | HP: 2/20 [bat (1)]
   299 | D:2      | Reached XP level 3. HP: 1/25 MP: 1/9
   304 | D:2      | Learned a level 3 spell: Vampiric Draining
   309 | D:2      | Learned a level 3 spell: Regeneration
   360 | D:2      | Noticed Natasha
   380 | D:2      | Reached skill level 5 in Spellcasting
   418 | D:3      | Noticed Terence
   579 | D:3      | Noticed Robin
   610 | D:3      | Killed Terence
   610 | D:3      | Reached skill level 1 in Fighting
   610 | D:3      | Reached skill level 1 in Short Blades
   610 | D:3      | Reached skill level 1 in Long Blades
   610 | D:3      | Reached skill level 1 in Axes
   610 | D:3      | Reached skill level 1 in Maces & Flails
   610 | D:3      | Reached skill level 1 in Polearms
   610 | D:3      | Reached skill level 1 in Staves
   610 | D:3      | Reached skill level 1 in Slings
   610 | D:3      | Reached skill level 1 in Bows
   610 | D:3      | Reached skill level 1 in Crossbows
   610 | D:3      | Reached skill level 1 in Throwing
   610 | D:3      | Reached skill level 1 in Armour
   610 | D:3      | Reached skill level 1 in Shields
   610 | D:3      | Reached skill level 1 in Unarmed Combat
   610 | D:3      | Reached skill level 1 in Invocations
   610 | D:3      | Reached skill level 1 in Evocations
   610 | D:3      | Reached XP level 4. HP: 9/32 MP: 0/11
   662 | D:3      | Slain by a goblin

Vault maps used:
D:1:      dpeg_arrival_more_subterranean_lakeside_camping
D:2:      fedhas_altar_4, uniq_natasha
D:3:      nicolae_qazlal_general_emergency, first_ration,
          minmay_tree_intersection, minmay_misc_feat_enclosed, uniq_jessica,
          uniq_terence, uniq_robin

Skill      XL: |  1  2  3 |
---------------+----------+-----
Spellcasting   | 5 |  5.0
Fighting       | 1 |  1.0
Short Blades   | 1 |  1.0
Long Blades    | 1 |  1.0
Axes           | 1 |  1.0
Maces & Flails | 1 |  1.0
Polearms       | 1 |  1.0
Staves         | 1 |  1.0
Slings         | 1 |  1.0
Bows           | 1 |  1.0
Crossbows      | 1 |  1.0
Throwing       | 1 |  1.0
Armour         | 1 |  1.0
Shields        | 1 |  1.0
Unarmed Combat | 1 |  1.0
Invocations    | 1 |  1.1
Evocations     | 1 |  1.0
Dodging        | |  4.6
Stealth        | |  4.2
Conjurations   | |  0.7
Hexes          | |  0.7
Charms         | |  0.7
Summonings     | |  0.7
Necromancy     | |  7.1
Translocations | |  0.7
Transmutations | |  0.7
Fire Magic     | |  0.7
Ice Magic      | |  0.7
Air Magic      | |  0.7
Earth Magic    | |  0.7
Poison Magic   | |  0.7

Action                   |  1- 3 |  4- 6 || total
-------------------------+-------+-------++-------
Melee: Mace              |     4 |       ||     4
       Bite              |     1 |       ||     1
 Cast: Pain              |    46 |     5 ||    51
       Animate Skeleton  |     1 |       ||     1
       Vampiric Draining |     2 |       ||     2
       Regeneration      |     1 |       ||     1
  Use: Scroll            |     4 |       ||     4
       Potion            |     2 |       ||     2
 Stab: Sleeping          |     1 |       ||     1
Armor: Robe              |     7 |       ||     7
Dodge: Dodged            |    20 |     5 ||    25

Table legend:
 A = Spawn XP
 B = Non-spawn XP
 C = Spawn XP percentage of total XP
 D = Spawn monster count
 E = Non-spawn monster count
 F = Spawn count percentage of total count
 G = Total turns spent on level
                    A         B        C        D         E        F      G
               +---------+---------+-------+---------+---------+-------+---------
         Total |       0 |      88 |   0.0 |       0 |      27 |   0.0 |   662
               +---------+---------+-------+---------+---------+-------+---------
           D:1 |       0 |      26 |   0.0 |       0 |      12 |   0.0 |   278
           D:2 |       0 |      20 |   0.0 |       0 |      11 |   0.0 |   213
           D:3 |       0 |      42 |   0.0 |       0 |       4 |   0.0 |   171
               +---------+---------+-------+---------+---------+-------+---------

Table legend:
 A = Turns spent in this place as a percentage of turns spent in the entire game.
 B = Non-inter-level travel turns spent in this place as a percentage of non-inter-level travel turns spent in the entire game.
 C = Inter-level travel turns spent in this place as a percentage of turns spent in this place.
 D = Turns resting spent in this place as a percentage of non-inter-level travel turns spent in this place.
 E = Turns spent auto-exploring this place as a percentage of non-inter-level travel turns spent in this place.
 F = Non-inter-level travel turns spent in this place divided by the number of levels of this place that you've seen.
                   A       B       C       D       E      F
               +-------+-------+-------+-------+-------+----------------------
         Total | 100.0 | 100.0 |   3.3 |   0.0 |   0.0 | 213.3
       Dungeon | 100.0 | 100.0 |   3.3 |   0.0 |   0.0 | 213.3
               +-------+-------+-------+-------+-------+----------------------

Table legend:
 A = Kills in this place as a percentage of kills in entire the game.
 B = Kills by you in this place as a percentage of kills by you in the entire game.
 C = Kills by friends in this place as a percentage of kills by friends in the entire game.
 D = Other kills in this place as a percentage of other kills in the entire game.
 E = Experience gained in this place as a percentage of experience gained in the entire game.
 F = Experience gained in this place divided by the number of levels of this place that you have seen.
                   A       B       C       D       E      F
               +-------+-------+-------+-------+-------+----------------------
         Total | 100.0 | 100.0 | 100.0 |   N/A | 100.0 |  29.3
       Dungeon | 100.0 | 100.0 | 100.0 |   N/A | 100.0 |  29.3
               +-------+-------+-------+-------+-------+----------------------

Vault maps used:
D:1:      dpeg_arrival_more_subterranean_lakeside_camping
D:2:      fedhas_altar_4, uniq_natasha
D:3:      nicolae_qazlal_general_emergency, first_ration,
          minmay_tree_intersection, minmay_misc_feat_enclosed, uniq_jessica,
          uniq_terence, uniq_robin
